 Dungeon Crawl Stone Soup version 0.30.0-10-gfe55d96785 (webtiles) character file.

Game seed: 14878077395395921603

20 hawla the Grave Robber (level 3, -4/26 HPs)
             Began as a Meteoran Necromancer on May 14, 2023.
             Slain by a black bear (8 damage)
             ... on level 4 of the Dungeon.
             The game lasted 00:03:09 (245 turns).

hawla the Grave Robber (Meteoran Necromancer)        Turns: 245, Time: 00:03:10

Health: -4/26      AC:  2    Str: 10    XL:     3   Next: 14%
Magic:  5/8        EV: 12    Int: 18    God:
Gold:   7          SH:  0    Dex: 14    Spells: 7/8 levels left

rFire   . . .        j - +0 halberd
rCold   . . .        (shield currently unavailable)
rNeg    . . .        a - +0 robe
rPois   .            (no helmet)
rElec   .            (no cloak)
rCorr   .            (no gloves)
SInv    .            (no boots)
Will    .....        (no amulet)
Stlth   +            (no ring)
HPRegen 0.24/turn    (no ring)
MPRegen 0.11/turn

%: no passive effects
@: glowing
A: sense surroundings 1, otherworldly, glowing, explore regen
a: no special abilities


You were on level 4 of the Dungeon.
You visited 1 branch of the dungeon, and saw 4 of its levels.

You collected 7 gold pieces.

Inventory:

Hand Weapons
 j - a +0 halberd (weapon)
Armour
 a - a +0 robe (worn)
Scrolls
 c - 2 scrolls of identify
 f - a scroll of teleportation {unknown}
Potions
 b - a potion of magic
 d - a potion of haste {unknown}
 e - a potion of heal wounds
 g - 3 potions of degeneration {unknown}
 h - a potion of ambrosia {unknown}
 i - a potion of lignification {unknown}


   Skills:
 + Level 2.5 Dodging
 - Level 1.4 Stealth
 + Level 3.1 Spellcasting
 + Level 5.0 Necromancy


You had 7 spell levels left.
You knew the following spells:

 Your Spells              Type           Power      Damage    Failure   Level
a - Necrotise             Necr           80%        1d8       1%          1

Your spell library contained the following spells:

 Spells                   Type           Power      Damage    Failure   Level
 Vampiric Draining        Necr           20%        2d7       6%          3
 Animate Dead             Necr           20%        N/A       21%         4
 Agony                    Necr           20%        N/A       50%         5


Dungeon Overview and Level Annotations

Branches:
Dungeon (4/15) Zot: 2154
 Temple: D:4-7

Altars:


Innate Abilities, Weirdness & Mutations

You passively map a small area around you.
You are easily found by Zot.
You glow in the dark.
You regain HP and MP as you explore.


Message History

j - a +0 halberd (weapon)
Setting a skill training target for Polearms at 16.0.
A black bear comes into view.
The black bear growls angrily.
Casting: Necrotise (safe; 1% risk of failure)
Confirm with . or Enter, or press ? or * to list all spells.
Aiming: Necrotise (safe; 1% risk of failure)
Press: ? - help, Shift-Dir - straight line, f - black bear
Aim: a black bear (chance to affect: 78%)
The black bear writhes in agony.
The black bear bites you. The black bear claws you. x2
Unknown command.
You hit the black bear.
The black bear is moderately wounded.
The black bear misses you. x2; The black bear claws you.
The black bear bites you. The black bear claws you. x2
* * * LOW HITPOINT WARNING * * *
Casting: Necrotise (safe; 1% risk of failure)
Confirm with . or Enter, or press ? or * to list all spells.
Aiming: Necrotise (safe; 1% risk of failure)
Press: ? - help, Shift-Dir - straight line, f/p - black bear
Aim: a black bear (moderately wounded, chance to affect: 78%)
The black bear writhes in agony.
The black bear closely misses you. x3
Unknown command.
Casting: Necrotise (safe; 1% risk of failure)
Confirm with . or Enter, or press ? or * to list all spells.
Aiming: Necrotise (safe; 1% risk of failure)
Press: ? - help, Shift-Dir - straight line, f/p - black bear
Aim: a black bear (heavily wounded, chance to affect: 78%)
The black bear writhes in agony.
The black bear bites you but does no damage.
The black bear closely misses you. The black bear claws you.
* * * LOW HITPOINT WARNING * * *
Casting: Necrotise (safe; 1% risk of failure)
Confirm with . or Enter, or press ? or * to list all spells.
Aiming: Necrotise (safe; 1% risk of failure)
Press: ? - help, Shift-Dir - straight line, f/p - black bear
Aim: a black bear (heavily wounded, chance to affect: 78%)
The black bear writhes in agony.
The black bear bites you!
You die...

#### ###
#..###.########
##....<.......#
#.###.######.#
#.# #.# #.####
#.# #.# #@h..#
#.# #.# ####.#*
#.# #.# ,.#
#.##.........
.# *
#.##.........
..
#.##.........
*. *
#.##........>,
#..#.........
** **
#.........


You could see a black bear.

Vanquished Creatures
  An adder (D:2)
  A giant cockroach (D:3)
  A hobgoblin (D:2)
  A quokka (D:1)
  2 ball pythons
  2 frilled lizards (D:2)
  2 rats
10 creatures vanquished.

Vanquished Creatures (collateral kills)
  An endoplasm (D:1)
1 creature vanquished.

Grand Total: 11 creatures vanquished

Notes
Turn   | Place    | Note
-------+----------+-------------------------------------------
     0 | D:1      | hawla the Meteoran Necromancer began the quest for the Orb.
     0 | D:1      | Reached XP level 1. HP: 14/14 MP: 5/5
    75 | D:2      | Reached XP level 2. HP: 20/20 MP: 3/6
   130 | D:2      | Reached skill level 5 in Necromancy
   149 | D:2      | Reached XP level 3. HP: 26/26 MP: 2/8
   239 | D:4      | Noticed a black bear
   245 | D:4      | Slain by a black bear

Illustrated notes

Levels and vault maps discovered:
D:1:      dreamdust_arrival_sigmund_warning, layout_basic,
          shapermc_ecumenical_altar_ellora
D:2:      layout_basic
D:3:      layout_basic, serial_shops, nicolae_shop_back_alley_shop,
          uniq_grinder, uniq_terence, uniq_natasha
D:4:      layout_rooms, led_sif_pool, mainiacjoe_overflow_cross_hatched,
          minmay_temple_entry_tees

Skill      XL: |  1  2 |
---------------+-------+-----
Necromancy     | 5 |  5.0
Spellcasting   | 3 |  3.1
Dodging        | |  2.5
Stealth        | |  1.4

Action                     || total
---------------------------++-------
  Melee: Unarmed           ||     1
         Halberd           ||     1
   Cast: Necrotise         ||    22
    Use: Scroll            ||     2
 Armour: Robe              ||     3
  Dodge: Dodged            ||     8
